Selects Australian Defense Battlegroup
Selects Australian Light Infantry Section
Construct Section Command Post
Australian Light Infantry Section
Construct Platoon Command Post
Selects CMP 15cwt Supply Run
Selects Reinforced Resource Caches
Selects Defensive Tactics
Construct Company Command Post
Unlock Bishop Self-propelled Artillery
Selects Charged Creeping Barrage
Bishop Self-propelled Artillery
Bishop Self-propelled Artillery